 Dungeon Crawl Stone Soup version 0.29-a0-824-gd827844252 (webtiles) character file.

Game seed: 16752262665954683211

111 coolguy69 the Cutter (level 4, -3/24 HPs)
             Began as a Vine Stalker Monk on July 10, 2022.
             Slain by a gnoll
             ... wielding a +0 halberd
              (11 damage)
             ... on level 3 of the Dungeon.
             The game lasted 00:02:23 (2542 turns).

coolguy69 the Cutter (Vine Stalker Monk)            Turns: 2542, Time: 00:02:23

Health: -3/24      AC:  7    Str: 15    XL:     4   Next: 92%
Magic:  0/5        EV: 11    Int: 10    God:
Gold:   95         SH:  0    Dex: 17    Spells: 3/3 levels left

rFire   . . .      SeeInvis .   a - +0 short sword
rCold   . . .      Faith    .   (no shield)
rNeg    . . .      Spirit   +   g - +1 ring mail {rPois}
rPois   +          Reflect  .   (no helmet)
rElec   .          Harm     .   (no cloak)
rCorr   .          Rampage  .   i - +0 pair of gloves
Will    .....                   (no boots)
Stlth   ++........              (no amulet)
HPRegen 0.88/turn               (no ring)
MPRegen 0.09/turn               (no ring)

@: no status effects
A: fangs 2, regeneration 1, magic shield, antimagic bite, no potion heal 2
a: no special abilities


You were on level 3 of the Dungeon.
You visited 1 branch of the dungeon, and saw 3 of its levels.

You collected 95 gold pieces.

Inventory:

Hand Weapons
 a - a +0 short sword (weapon)
Armour
 g - a +1 ring mail of poison resistance (worn)
 i - a +0 pair of gloves (worn)
Scrolls
 d - 4 scrolls of identify {unknown}
 e - a scroll of noise {unknown}
 f - 2 scrolls of immolation {unknown}
 h - a scroll of enchant weapon {unknown}
 j - a scroll of vulnerability {unknown}
 p - a scroll of amnesia {unknown}
 q - a scroll of fog {unknown}
Potions
 b - 2 potions of attraction {unknown}
 c - a potion of ambrosia
 k - a potion of might {unknown}
 l - a potion of heal wounds {unknown}
 m - a potion of degeneration {unknown}
 n - a potion of lignification {unknown}
 o - 3 potions of mutation {unknown}
 r - a potion of curing {unknown}
 s - a potion of magic {unknown}


   Skills:
 + Level 3.2 Fighting
 + Level 3.6 Short Blades
 + Level 0.5 Armour
 + Level 2.9 Dodging
 + Level 3.4 Stealth


You had 3 spell levels left.
You didn't know any spells.
Your spell library contained the following spells:

 Spells                   Type           Power      Damage    Failure   Level
 Frozen Ramparts          Ice            0%         1d2       92%         3
 Ice Form                 Ice/Tmut       0%         N/A       100%        4
 Summon Ice Beast         Ice/Summ       0%         N/A       100%        4


Dungeon Overview and Level Annotations

Branches:
Dungeon (3/15)

Altars:

Shops:
D:1 *


Innate Abilities, Weirdness & Mutations

You have extremely sharp teeth.
Your natural rate of healing is unusually fast.
When hurt, damage is shared between your health and your magic reserves.
Your bite disrupts and absorbs the magic of your enemies.
Potions cannot restore your health.


Message History

You hit the orc. You bite the orc, but do no damage.
The orc is almost dead.
The orc hits you but does no damage.
You hit the orc.
You kill the orc!
You hear a splash. x2
You closely miss the orc. Your bite misses the orc. You barely miss something.
The gnoll hits you from afar with a +0 spear.
Found an escape hatch in the floor.
The orc wizard casts a spell at you. The puff of flame misses you.
The orc wizard hits you with a +0 dagger.
You hit the orc wizard.
The orc wizard is lightly wounded.
The orc wizard barely misses you.
You barely miss the orc wizard. Your bite misses the orc wizard.
The orc wizard is lightly wounded.
The orc wizard casts a spell at you. The magic dart hits you.
You barely miss the orc wizard.
You punch the orc wizard, but do no damage.
The orc wizard is lightly wounded.
The orc wizard hits you with a +0 dagger.
You hit the orc wizard. Your bite misses the orc wizard.
The orc wizard is moderately wounded.
The orc wizard gestures at you while chanting.
The magic dart hits you.
You closely miss the orc wizard. Your bite misses the orc wizard.
The orc wizard is moderately wounded.
The gnoll hits you from afar with a +0 halberd!
The orc wizard closely misses you.
You hit the orc wizard.
The orc wizard is severely wounded.
The gnoll hits you from afar with a +0 halberd.
* * * LOW HITPOINT WARNING * * *
You hit the orc wizard.
You kill the orc wizard!
The gnoll hits you from afar with a +0 halberd!
You die...

.# #.........# .#
#.........# ># #.........#
.# #.........# .#
#.........# #######.#
#.........# #...@o..#
#.........# . #.####g.#
#.......... ..
#.####..####...##....
...#####...............)..
.........o.#...##...###'##
###....o######....### #.#
..#.....#..#......# ...
..#.###.#..#......# #....
..≈ #..ogg.......# #....


You could see a gnoll and an orc.

Vanquished Creatures
  An orc wizard (D:3)
  4 adders
  2 worms (D:3)
  3 dart slugs
  3 orcs (D:3)
  10 endoplasms
  A giant cockroach (D:1)
  5 goblins
  6 hobgoblins
  A quokka (D:1)
  3 ball pythons
  7 bats
  5 frilled lizards
  4 kobolds
  6 rats (D:1)
61 creatures vanquished.

Notes
Turn   | Place    | Note
-------+----------+-------------------------------------------
     0 | D:1      | coolguy69 the Vine Stalker Monk began the quest for the
                  | Orb.
     0 | D:1      | Reached XP level 1. HP: 11/11 MP: 2/2
    56 | D:1      | Found a faded altar of an unknown god.
   285 | D:1      | Reached XP level 2. HP: 16/16 MP: 3/3
   590 | D:1      | Found Muoq Teixkui's General Store.
  1178 | D:1      | Reached XP level 3. HP: 20/20 MP: 4/4
  1944 | D:2      | Gained mutation: Your natural rate of healing is unusually
                  | fast. [Vine Stalker growth]
  1944 | D:2      | Reached XP level 4. HP: 24/24 MP: 5/5
  2542 | D:3      | Slain by a gnoll

Illustrated notes

Levels and vault maps discovered:
D:1:      onia_arrival_handbag, layout_loops_corners, serial_shops, shop,
          shapermc_ecumenical_altar_gd, minmay_crystal_water,
          serial_bayou_ford_a
D:2:      layout_loops_ring, minivault_25
D:3:      layout_basic, hangedman_ru_absence,
          nicolae_wu_jian_immortal_techniques, uniq_pargi

Skill      XL: |  1  2  3 |
---------------+----------+-----
Short Blades   | 3 |  3.6
Fighting       | 3 |  3.2
Stealth        | 3 |  3.4
Armour         | |  0.5
Dodging        | |  2.9

Action                   |  1- 3 |  4- 6 || total
-------------------------+-------+-------++-------
Melee: Short sword       |   126 |    79 ||   205
       Bite              |    25 |    23 ||    48
       Punch             |     3 |     1 ||     4
 Stab: Sleeping          |     7 |       ||     7
Armor: Robe              |     7 |       ||     7
       Ring mail         |    27 |    26 ||    53
Dodge: Dodged            |    67 |    38 ||   105

Table legend: (Time is in decaauts)
 A = Elapsed time spent in this place.
 B = Non-inter-level travel time spent in this place.
 C = Inter-level travel time spent in this place.
 D = Time resting spent in this place.
 E = Time spent auto-exploring this place.
 F = Levels seen in this place.
 G = Mean time per level.
                   A        B        C        D        E       F      G
               +--------+--------+--------+--------+--------+-----+--------+
         Total |   2546 |   2516 |     30 |      0 |   2048 |   3 |  848.7 |
       Dungeon |   2546 |   2516 |     30 |      0 |   2048 |   3 |  848.7 |
               +--------+--------+--------+--------+--------+-----+--------+

Top non-repeatable levels by time:
     D:1: 1543 daAuts
     D:2: 605 daAuts
     D:3: 396 daAuts
